 Dungeon Crawl Stone Soup version 0.27.1-33-g824d729ab1 (webtiles) character file.

Game seed: 4309957598303607915

9 bearlyready the Grave Robber (level 2, -3/19 HPs)
             Began as a Demonspawn Necromancer on Nov 24, 2021.
             Slain by a gnoll (6 damage)
             ... on level 1 of the Dungeon.
             The game lasted 00:01:29 (1452 turns).

bearlyready the Grave Robber (DsNe)                 Turns: 1452, Time: 00:01:30

Health: -3/19      AC:  3    Str:  8    XL:     2   Next: 3%
Magic:  4/5        EV: 11    Int: 16    God:
Gold:   47         SH:  0    Dex: 13    Spells: 3/5 levels left

rFire    . . .     SeeInvis .   f - +0 dagger
rCold    . . .     Faith    .   (no shield)
rNeg     . . .     Spirit   .   g - +0 leather armour
rPois    .         Reflect  .   (no helmet)
rElec    .         Harm     .   (no cloak)
rCorr    .         Rampage  .   (no gloves)
Will     .....                  (no boots)
Stlth    ++........             (no amulet)
HPRegen  0.06/turn              (no ring)
MPRegen  0.09/turn              (no ring)

@: no status effects
A: spiny 1
a: no special abilities


You were on level 1 of the Dungeon.
You visited 1 branch of the dungeon, and saw 2 of its levels.

You collected 47 gold pieces.

Inventory:

Hand Weapons
 f - a +0 dagger (weapon)
Armour
 a - a +0 robe
 g - a +0 leather armour (worn)
Scrolls
 c - 2 scrolls of blinking {unknown}
Potions
 b - 2 potions of magic {unknown}
 d - a potion of haste {unknown}
 e - a potion of ambrosia {unknown}
 h - a potion of degeneration {unknown}


   Skills:
 - Level 1.7 Dodging
 - Level 1.7 Stealth
 - Level 2.0 Spellcasting
 + Level 4.9 Necromancy


You had 3 spell levels left.
You knew the following spells:

 Your Spells              Type           Power      Damage    Failure   Level
a - Pain                  Necr           68%        1d7       4%          1
b - Animate Skeleton      Necr           34%        N/A       4%          1

Your spell library contained the following spells:

 Spells                   Type           Power      Damage    Failure   Level
 Vampiric Draining        Necr           8%         2d7       12%         3
 Animate Dead             Necr           8%         N/A       36%         4
 Agony                    Necr           17%        N/A       73%         5


Dungeon Overview and Level Annotations

Branches:
Dungeon (2/15)

Altars:

Shops:
D:1 [


Innate Abilities, Weirdness & Mutations

You are partially covered in sharp spines.


Message History

You climb upwards.
There is a stone staircase leading down here.
Casting: Pain (safe; 4% risk of failure)
Confirm with . or Enter, or press ? or * to list all spells.
Aiming: Pain (safe; 4% risk of failure)
Press: ? - help, Shift-Dir - straight line, f - hobgoblin
Aim: a hobgoblin (heavily wounded, chance to affect: 87%)
The hobgoblin writhes in agony.
You kill the hobgoblin!
You have reached level 2!
Your demonic ancestry asserts itself...
Sharp spines emerge from parts of your body.
Memorise Animate Skeleton, consuming 1 spell level and leaving 3?
You start memorising the spell.
You continue memorising.
You finish memorising.
Spell assigned to 'b'.
You start resting.
Magic restored.
You start resting.
HP restored.
You climb downwards.
The gnoll hits you with a +0 flail.
There is a stone staircase leading up here.
The gnoll closely misses you.
You climb upwards.
There is a stone staircase leading down here.
Casting: Pain (safe; 4% risk of failure)
Confirm with . or Enter, or press ? or * to list all spells.
There is nothing nearby to animate!
Casting: Animate Skeleton (safe; 4% risk of failure)
Confirm with . or Enter, or press ? or * to list all spells.
Aiming: Pain (safe; 4% risk of failure)
Press: ? - help, Shift-Dir - straight line, f - gnoll
Aim: a gnoll, wielding a +0 flail (chance to affect: 82%)
The gnoll writhes in agony.
The gnoll hits you with a +0 flail!
Ouch! That really hurt!
* * * LOW HITPOINT WARNING * * *
Casting: Pain (safe; 4% risk of failure)
Confirm with . or Enter, or press ? or * to list all spells.
Okay, then.
The gnoll hits you with a +0 flail.
You die...

##..##### ##..# ....#
######## ##.## #####
#......# ##.#
######...###.####.#
...#
#......#.......##.###
.###
#.####...###.#......#
.# #.########
#.####.#.### .#
#......@># #..........#
.####
#..#####g#########..#.#
.##.######.....##.....#
#....#
.......##......##.....#
###.##
.......##.#...........#
#.#
.......##.#...........#
#.#
.##.#.###.#.#####.....#
####.### ...##.# #.#.#
#.......# #.......
...##.# #.#.###.#####.#
#.##.##.


You could see a gnoll.

Vanquished Creatures
  2 bats (D:1)
  A goblin (D:1)
  2 hobgoblins
  A kobold (D:1)
  A ball python (D:1)
7 creatures vanquished.

Notes
Turn   | Place    | Note
-------+----------+-------------------------------------------
     0 | D:1      | bearlyready the Demonspawn Necromancer began the quest for
                  | the Orb.
     0 | D:1      | Reached XP level 1. HP: 13/13 MP: 3/3
   230 | D:1      | Found a faded altar of an unknown god.
   983 | D:1      | Found Meots's Antique Armour Emporium.
  1307 | D:1      | Gained mutation: You are partially covered in sharp spines.
                  | [demonic ancestry]
  1307 | D:1      | Reached XP level 2. HP: 10/19 MP: 0/5
  1309 | D:1      | Learned a level 1 spell: Animate Skeleton
  1452 | D:1      | Slain by a gnoll

Illustrated notes

Levels and vault maps discovered:
D:1:      nicolae_arrival_washed_ashore, layout_loops_cross,
          shapermc_ecumenical_altar_mp_ritualfount, serial_shops, shop,
          hangedman_glass_teeth
D:2:      layout_basic, minivault_23, minmay_tetromino_o4

Action                   || total
-------------------------++-------
Melee: Dagger            ||    26
       Unarmed           ||     2
 Cast: Pain              ||    13
Armor: Leather armour    ||    15
       Robe              ||     1
Dodge: Dodged            ||    28
